 Dungeon Crawl Stone Soup version 0.31-a0-303-gdc8c9485ea (webtiles) character file.

Game seed: 11459345008591927110

384 LobsterGuardian the Grave Robber (level 6, 0/42 HPs)
             Began as a Demonspawn Necromancer on July 16, 2023.
             Slain by a black bear (4 damage)
             ... on level 5 of the Dungeon.
             The game lasted 00:14:51 (3907 turns).

LobsterGuardian the Grave Robber (DsNe)             Turns: 3907, Time: 00:14:51

Health: 0/42       AC:  2    Str:  8    XL:     6   Next: 47%
Magic:  8/11       EV: 12    Int: 18    God:
Gold:   156        SH:  0    Dex: 17    Spells: 3/12 levels left

rFire   + . .        s - +1 long sword "Qogual" {vamp, rF+ rC+ Will+ Dex+3}
rCold   + . .        (no shield)
rNeg    . . .        a - +0 robe
rPois   +            (helmet currently unavailable)
rElec   .            (cloak currently unavailable)
rCorr   .            i - melded +0 pair of gloves
SInv    .            (boots currently unavailable)
Will    +....        (no amulet)
Stlth   ++           (no ring)
HPRegen 0.27/turn    (no ring)
MPRegen 0.12/turn

%: no passive effects
@: beast-form
A: beast (slay +0), antennae 1, demonic magic 1, poison resistance
a: Begin Untransformation


You were on level 5 of the Dungeon.
You were a hulking beast.
You visited 1 branch of the dungeon, and saw 5 of its levels.

You collected 156 gold pieces.

Inventory:

Hand Weapons
 p - a +2 short sword of venom
 s - the +1 long sword "Qogual" (weapon) {vamp, rF+ rC+ Will+ Dex+3}
   (You took it off a gnoll on level 3 of the Dungeon)

   Dex:       It affects your dexterity (+3).
   rF:        It protects you from fire.
   rC:        It protects you from cold.
   Will:      It increases your willpower.
Armour
 a - a +0 robe (worn)
 i - a +0 pair of gloves (melded)
Jewellery
 o - a ring of protection from cold
Talismans
 h - a beast talisman
Wands
 k - a wand of polymorph (14)
Scrolls
 c - a scroll of amnesia {unknown}
 e - a scroll of teleportation
 f - 2 scrolls of enchant weapon {unknown}
 g - 2 scrolls of identify
 l - a scroll of poison {unknown}
 n - a scroll of blinking {unknown}
 u - a scroll of torment {unknown}
Potions
 d - a potion of mutation
 j - a potion of heal wounds {unknown}
 m - a potion of haste {unknown}
 q - a potion of brilliance {unknown}
 r - a potion of degeneration
 t - 2 potions of attraction
 w - a potion of curing {unknown}


   Skills:
 + Level 0.3 Fighting
 + Level 0.5 Long Blades
 + Level 2.1 Dodging
 - Level 1.7 Stealth
 + Level 3.6 Spellcasting
 * Level 7.4 Necromancy


You had 3 spell levels left.
You knew the following spells:

 Your Spells              Type           Power      Damage    Failure   Level
a - Necrotise             Necr           100%       1d9       1%          1
b - Vampiric Draining     Necr           30%        2d8       2%          3
c - Agony                 Necr           30%        N/A       21%         5

Your spell library contained the following spells:

 Spells                   Type           Power      Damage    Failure   Level
 Apportation              Tloc           6%         N/A       16%         1
 Magic Dart               Conj           12%        1d3       16%         1
 Call Imp                 Summ           6%         N/A       24%         2
 Call Canine Familiar     Summ           3%         N/A       43%         3
 Mephitic Cloud           Conj/Pois/Air  3%         N/A       43%         3
 Portal Projectile        Hex/Tloc       6%         N/A       43%         3
 Animate Dead             Necr           30%        N/A       7%          4
 Borgnjor's Vile Clutch   Necr/Erth      8%         N/A       67%         5
 Leda's Liquefaction      Hex/Erth       1%         N/A       83%         4
 Alistair's Intoxication  Tmut/Pois      2%         N/A       99%         5
 Eringya's Noxious Bog    Tmut/Pois      1%         4d6       100%        6


Dungeon Overview and Level Annotations

Branches:
Dungeon (5/15)
 Temple: D:4-7

Altars:

Shops:
D:3 !


Innate Abilities, Weirdness & Mutations

You are a hulking beast.
Your limbs bulge with bestial killing power. (Slay +0)
You have a pair of small antennae on your head.
Spells you cast may paralyse adjacent enemies.
Your system is resistant to poisons. (rPois)


Message History

Casting: Necrotise (safe; 1% risk of failure)
Confirm with . or Enter, or press ? or * to list all spells.
Aiming: Vampiric Draining (dangerous; 2% risk of failure)
Press: ? - help, Shift-Dir - straight line, f/p - black bear
Aim: a black bear (lightly wounded)
You draw life force from the black bear.
You feel life coursing into your body. Malevolent energies surge around you.
The orc shouts!
The black bear bites you. The black bear claws you. x2
* * * LOW HITPOINT WARNING * * *
Casting: Vampiric Draining (dangerous; 2% risk of failure)
Confirm with . or Enter, or press ? or * to list all spells.
You don't have enough magic to cast this spell.
Magic courses through your body. The black bear closely misses you.
The black bear claws you.
* * * LOW HITPOINT WARNING * * *
The black bear claws you.
* * * LOW HITPOINT WARNING * * *
Casting: Vampiric Draining (dangerous; 2% risk of failure)
Confirm with . or Enter, or press ? or * to list all spells.
Aiming: Vampiric Draining (dangerous; 2% risk of failure)
Press: ? - help, Shift-Dir - straight line, f/p - black bear
Aim: a black bear (moderately wounded)
You draw life force from the black bear.
You feel life coursing into your body. Malevolent energies surge around you.
The black bear suddenly stops moving!
Unknown command.
The helpless black bear fails to defend itself.
You hit the black bear.
You feel better.
The black bear is heavily wounded.
Unknown command.
The helpless black bear fails to defend itself.
You slash the black bear!
You feel better.
The black bear is severely wounded.
The black bear is no longer paralysed.
The black bear bites you.
* * * LOW HITPOINT WARNING * * *
The black bear claws you.
* * * LOW HITPOINT WARNING * * *
The black bear claws you.
You die...

?# .# ... .# #.# ..#
#.#...# # #.#...#### #.
......... #
####..########.#.....
.......o5hh.[..##..#
####.!.#######.##..########
#... #..........<.#. #.o.
#..#.....###... 5....
#..#.....# ###. ......
....#.....# #. ######.
######.....# #. #. #..####
#. #.)# #.


You could see a black bear, a shadow imp and an orc.

Vanquished Creatures
  A sky beast (D:3)
  A phantom (D:5)
  2 hounds (D:5)
  A jelly (D:3)
  4 gnolls (D:3)
  2 worms
  5 dart slugs
  4 orcs
  5 ball pythons
  4 endoplasms
  A giant cockroach (D:1)
  6 goblins
  7 hobgoblins
  9 jackals
  6 kobolds
  2 quokkas
  4 bats
  4 frilled lizards
  4 rats (D:1)
72 creatures vanquished.

Vanquished Creatures (collateral kills)
  A kobold (D:3)
1 creature vanquished.

Grand Total: 73 creatures vanquished

Notes
Turn   | Place    | Note
-------+----------+-------------------------------------------
     0 | D:1      | LobsterGuardian the Demonspawn Necromancer began the quest
                  | for the Orb.
     0 | D:1      | Reached XP level 1. HP: 13/13 MP: 3/3
   287 | D:1      | Gained mutation: Spells you cast may paralyse adjacent
                  | enemies. [demonic ancestry]
   287 | D:1      | Reached XP level 2. HP: 19/19 MP: 0/5
   565 | D:1      | Reached skill level 5 in Necromancy
   964 | D:1      | Reached XP level 3. HP: 22/24 MP: 2/6
  1813 | D:2      | Learned a level 3 spell: Vampiric Draining
  2692 | D:3      | Reached XP level 4. HP: 30/30 MP: 4/7
  2752 | D:3      | Reached skill level 6 in Necromancy
  3048 | D:3      | Identified the +1 long sword "Qogual" {vamp, rF+ rC+ Will+
                  | Dex+3}
  3058 | D:3      | Gained mutation: You have a pair of small antennae on your
                  | head. [demonic ancestry]
  3058 | D:3      | Reached XP level 5. HP: 12/35 MP: 3/9
  3306 | D:3      | Found Ytatee's Distillery.
  3342 | D:3      | Noticed a sky beast
  3354 | D:3      | Killed a sky beast
  3659 | D:5      | Entered Level 5 of the Dungeon
  3669 | D:5      | Reached skill level 7 in Necromancy
  3669 | D:5      | Reached XP level 6. HP: 41/41 MP: 9/11
  3675 | D:5      | Learned a level 5 spell: Agony
  3768 | D:5      | Gained mutation: Your system is resistant to poisons.
                  | (rPois) [potion of mutation]
  3907 | D:5      | Slain by a black bear

Illustrated notes

Levels and vault maps discovered:
D:1:      ncdulo_watergridlock, layout_basic
D:2:      layout_loops_ring, amethyst_killhole, nicolae_elevator_lobby_asterisk
D:3:      layout_rooms, serial_shops, shop, serial_bayou_pond_b,
          minmay_checkerbox
D:4:      layout_layer_cave, nicolae_tso_besieged_by_evil, nrook_mini_backslash,
          serial_bayou_lagoon_a, st_stairs_8, uniq_menkaure
D:5:      layout_loops_ring, led_sif_book, cheibrodos_gnoll_hut

Skill      XL: |  1  2  3  4  5 |
---------------+----------------+-----
Necromancy     | 5 6 7 |  7.4
Dodging        | 2 |  2.1
Spellcasting   | 3 |  3.6
Fighting       | |  0.3
Long Blades    | |  0.5
Stealth        | |  1.7

Action                     |  1- 3 |  4- 6 || total
---------------------------+-------+-------++-------
  Melee: Unarmed           |     3 |       ||     3
         Short sword       |    22 |    13 ||    35
         Punch             |     1 |       ||     1
         Long sword        |       |    21 ||    21
   Cast: Necrotise         |    71 |    25 ||    96
         Vampiric Draining |     2 |    11 ||    13
    Use: Scroll            |     1 |     1 ||     2
         Potion            |       |     4 ||     4
   Stab: Sleeping          |     2 |       ||     2
         Paralysed         |     1 |     7 ||     8
 Armour: Robe              |     8 |     9 ||    17
  Dodge: Dodged            |    40 |    24 ||    64
   Form: Beast             |     1 |       ||     1

Table legend: (Time is in decaauts)
 A = Elapsed time spent in this place.
 B = Non-inter-level travel time spent in this place.
 C = Inter-level travel time spent in this place.
 D = Time resting spent in this place.
 E = Time spent auto-exploring this place.
 F = Levels seen in this place.
 G = Mean time per level.
                   A        B        C        D        E       F      G
               +--------+--------+--------+--------+--------+-----+--------+
         Total |   3922 |   3789 |    133 |     50 |   3243 |   5 |  784.4 |
       Dungeon |   3922 |   3789 |    133 |     50 |   3243 |   5 |  784.4 |
               +--------+--------+--------+--------+--------+-----+--------+

Top non-repeatable levels by time:
     D:1: 1649 daAuts
     D:2: 1113 daAuts
     D:3: 807 daAuts
     D:5: 253 daAuts
     D:4: 99 daAuts
